 Dungeon Crawl Stone Soup version 0.18-b1-16-g289874d (webtiles) character file.

121 nikopol the Poker (level 4, -1/41 HPs)
             Began as a Minotaur Berserker on May 1, 2016.
             Was a Believer of Trog.
             Slain by an orc priest
             ... wielding a +0 whip
              (2 damage)
             ... on level 2 of the Dungeon.
             The game lasted 00:03:46 (1370 turns).

nikopol the Poker (Minotaur Berserker)              Turns: 1370, Time: 00:03:47

Health: -1/41      AC:  6    Str: 21    XL:     4   Next: 77%
Magic:  3/3        EV: 12    Int:  4    God:    Trog [**....]
Gold:   106        SH:  0    Dex: 11    Spells: 0 memorised, 3 levels left

rFire  . . .     SeeInvis .     a - +0 spear
rCold  . . .     Gourm    .     h - +0 ring mail
rNeg   . . .     Faith    .     (no shield)
rPois  .         Spirit   .     (helmet restricted)
rElec  .         Dismiss  .     s - +0 cloak
rCorr  .         Reflect  .     (no gloves)
SustAt .         Harm     .     (no boots)
MR     .....                    (no amulet)
Stlth  +.........               (no ring)
                                (no ring)

@: not resistant to hostile enchantments, very unstealthy
A: retaliatory headbutt, horns 2
a: Berserk, Trog's Hand, Burn Spellbooks, Renounce Religion


You were on level 2 of the Dungeon.
You worshipped Trog.
Trog was pleased with you.
You were hungry.

You visited 1 branch of the dungeon, and saw 3 of its levels.

You collected 106 gold pieces.

Inventory:

Hand Weapons
 a - a +0 spear (weapon)
Missiles
 n - 7 steel tomahawks (quivered)
Armour
 b - a +0 animal skin
 h - a +0 ring mail (worn)
 s - a +0 cloak (worn)
Scrolls
 d - 2 scrolls of fear {unknown}
 g - a scroll of amnesia {unknown}
 k - 2 scrolls of random uselessness {unknown}
 l - a scroll of noise {unknown}
 o - 2 scrolls of identify {unknown}
 r - a scroll of enchant weapon {unknown}
Potions
 e - 2 potions of resistance {unknown}
 i - a potion of curing {unknown}
 j - a potion of brilliance {unknown}
 m - a potion of degeneration {unknown}
Comestibles
 c - 2 bread rations
 f - 2 meat rations
 q - a royal jelly


   Skills:
 + Level 4.5 Fighting
 * Level 4.6 Polearms
 + Level 1.2 Throwing
 + Level 3.4 Armour
 + Level 2.9 Dodging


You had 3 spell levels left.
You didn't know any spells.

Dungeon Overview and Level Annotations

Branches:
Dungeon (3/15)

Altars:
Zin


Innate Abilities, Weirdness & Mutations

You reflexively headbutt those who attack you in melee.
You have a pair of horns on your head.


Message History

The orc hits you but does no damage.
You are too injured to fight recklessly!
You are too injured to fight recklessly!
You are too injured to fight recklessly!
You are too injured to fight recklessly!
You are too injured to fight recklessly!
You barely miss the orc.
The orc priest calls down the wrath of Beogh upon you.
Beogh smites you!
* * * LOW HITPOINT WARNING * * *
The orc hits you but does no damage.
You barely miss the orc. You headbutt the orc.
The orc is almost dead.
The orc priest calls upon Beogh to heal the orc.
The orc is healed somewhat.
The orc hits you with a short sword.
* * * LOW HITPOINT WARNING * * *
You hit the orc but do no damage.
The orc is lightly wounded.
The orc priest hits you with a whip.
You die...

..###.###### #.# ##...#
#..........# #.###..#.#
#..........####.##..#..#
#..........#........#.##
...........#........#.#####
...........#........#.....#
...........#........#..##.####
.............................#
###..####)##....@o...........#
#..# #.##.....o...........#
##..####.#..................#
#.....##...†................#
#.....##..(..###.#..........#
#.....##..#......#....).....#
##...............##..........#
.............(..#)...........#
.......###..##.....#.#########


You could see an orc priest and an orc.

Vanquished Creatures
  Crazy Yiuf (D:2)
  3 adders (D:2)
  An ooze (D:2)
  2 worms (D:2)
  2 dart slugs
  2 giant geckos (D:2)
  An orc (D:3)
  5 giant cockroaches
  6 goblins
  7 hobgoblins
  2 jackals (D:2)
  3 kobolds
  A quokka (D:2)
  A ball python (D:1)
  5 bats
  3 giant newts
  5 rats
50 creatures vanquished.

Notes
Turn   | Place    | Note
--------------------------------------------------------------
     0 | D:1      | nikopol the Minotaur Berserker began the quest for the Orb.
     0 | D:1      | Reached XP level 1. HP: 19/19 MP: 0/0
   190 | D:1      | Reached XP level 2. HP: 23/27 MP: 1/1
   685 | D:2      | Reached XP level 3. HP: 33/33 MP: 2/2
   700 | D:2      | Reached ** piety under Trog
   853 | D:2      | Reached skill level 1 in Throwing
  1026 | D:2      | Reached XP level 4. HP: 31/41 MP: 3/3
  1162 | D:2      | Found a glowing silver altar of Zin.
  1276 | D:2      | Noticed Crazy Yiuf
  1282 | D:2      | Killed Crazy Yiuf
  1368 | D:2      | HP: 2/41 [orc priest/divine providence (9)]
  1370 | D:2      | Slain by an orc priest

Skill      XL: |  1  2  3 |
---------------+----------+-----
Armour         | 3 |  3.4
Fighting       | 4 |  4.5
Polearms       | 4 |  4.6
Throwing       | 1 |  1.2
Dodging        | |  2.9

Action                   |  1- 3 |  4- 6 || total
-------------------------+-------+-------++-------
Melee: Spear             |   121 |    33 ||   154
       Headbutt          |    15 |     9 ||    24
Throw: Tomahawk          |     5 |     9 ||    14
  Eat: Chunk             |       |     1 ||     1
Armor: Ring mail         |    20 |     7 ||    27
       Animal skin       |     1 |       ||     1
Dodge: Dodged            |    36 |     8 ||    44
